 Dungeon Crawl Stone Soup version 0.17-a0-1572-g7a1422d (webtiles) character file.

78 Chiseanne the Skirmisher (level 4, -10/39 HPs)
             Began as a Demonspawn Wanderer on July 26, 2015.
             Mangled by an orc warrior
             ... wielding a +0 flail
              (15 damage)
             ... on level 2 of the Dungeon.
             The game lasted 00:05:13 (1348 turns).

Chiseanne the Skirmisher (Demonspawn Wanderer)      Turns: 1348, Time: 00:05:13

Health: -10/39     AC:  6    Str: 12    XL:     4   Next: 15%
Magic:  4/4        EV: 11    Int: 14    God:
Gold:   177        SH:  0    Dex: 13    Spells: 0 memorised, 3 levels left

rFire  . . .     SeeInvis .     a - +2 quarterstaff
rCold  . . .     Clarity  .     r - +0 ring mail
rNeg   . . .     SustAt   .     (no shield)
rPois  .         Gourm    .     q - +1 hat
rElec  .         Spirit   .     (no cloak)
rCorr  .         Warding  .     (no gloves)
rMut   .         Stasis   .     (no boots)
MR     .....                    (no amulet)
Stlth  +++.......               d - ring of stealth
                                p - ring of stealth

@: about to teleport, not resistant to hostile enchantments, fairly stealthy
A: talons 1
a: no special abilities


You were on level 2 of the Dungeon.
You were hungry.

You visited 1 branch of the dungeon, and saw 3 of its levels.

You collected 177 gold pieces.

Inventory:

Hand weapons
 a - a +2 quarterstaff (weapon)
 s - a +1 short sword of flaming
Missiles
 h - 6 tomahawks (quivered)
 i - 20 arrows
 n - 47 bolts
Armour
 q - a +1 hat (worn)
 r - a +0 ring mail (worn)
Jewellery
 d - a ring of stealth (right hand)
 p - a ring of stealth (left hand)
Scrolls
 c - 2 scrolls of teleportation
 k - 2 scrolls of identify {unknown}
 l - a scroll of remove curse {unknown}
 m - a scroll of immolation {unknown}
 o - a scroll of fog {unknown}
Potions
 b - 3 potions of curing
 f - a potion of flight {unknown}
 g - a potion of heal wounds {unknown}
Comestibles
 e - 3 bread rations
 j - 2 beef jerkies
 t - a royal jelly


   Skills:
 - Level 5.0 Fighting
   Level 1.0 Axes
 - Level 1.0 Staves
 * Level 2.1 Armour
 + Level 2.8 Dodging
   Level 1.7 Shields


You had 3 spell levels left.
You didn't know any spells.

Dungeon Overview and Level Annotations

Branches:
Dungeon (3/15)

Altars:
Trog
Vehumet


Innate Abilities, Weirdness & Mutations

You have sharp toenails.


Message History

The orc warrior is heavily wounded.
The orc warrior closely misses you.
You closely miss the orc warrior.
The orc warrior is heavily wounded.
The orc warrior barely misses you.
You hit the orc warrior but do no damage.
You claw the orc warrior, but do no damage.
The orc warrior is heavily wounded.
The orc warrior hits you but does no damage.
A hobgoblin comes into view.
You closely miss the orc warrior.
The hobgoblin shouts!
You claw the orc warrior, but do no damage.
The orc warrior is heavily wounded.
The orc warrior hits you with a flail!
* * * LOW HITPOINT WARNING * * *
Read which item? (? for menu, Esc to quit)
As you read the scroll of teleportation, it crumbles to dust.
You feel strangely unstable. The orc warrior hits you with a flail!
You die...

......####....>..................
###...# #................#..[....
###...# #........<...............
#....####.................#......
#.......#.[..............##......
#....[.............g.....##......
##.######................##....†.
#.# ##..............##....... #.#
##...>o@...........†...† #.#
####..##.########........ #.#
##...........# #........
#.#####............## #........
#.............).....####........
##########.........().).........
#.........#####........
#.........# #........ #.........#
#........


You could see an orc warrior and a hobgoblin.

Vanquished Creatures
  Ijyb (D:2)
  2 giant geckos
  An orc (D:3)
  A ball python (D:1)
  A giant cockroach (D:1)
  5 goblins
  11 hobgoblins
  4 kobolds
  A quokka (D:2)
  6 bats
  7 giant newts
  8 rats
48 creatures vanquished.

Vanquished Creatures (others)
  4 toadstools (D:1)
4 creatures vanquished.

Grand Total: 52 creatures vanquished

Notes
Turn   | Place    | Note
--------------------------------------------------------------
     0 | D:1      | Chiseanne the Demonspawn Wanderer began the quest for the Orb.
     0 | D:1      | Chiseanne set off with: a +2 quarterstaff, a potion of curing, a scroll of teleportation, a +0 robe, a bread ration
     0 | D:1      | Reached XP level 1. HP: 21/21 MP: 1/1
    46 | D:1      | Reached skill level 1 in Dodging
   188 | D:1      | Gained mutation: You have sharp toenails. [demonic ancestry]
   188 | D:1      | Reached XP level 2. HP: 24/27 MP: 2/2
   617 | D:2      | Reached XP level 3. HP: 19/33 MP: 3/3
  1089 | D:2      | Found a bloodstained altar of Trog.
  1099 | D:2      | Found a radiant altar of Vehumet.
  1220 | D:2      | Noticed Ijyb
  1237 | D:2      | Killed Ijyb
  1237 | D:2      | Reached XP level 4. HP: 31/39 MP: 4/4
  1329 | D:3      | Noticed an orc warrior
  1348 | D:2      | Mangled by an orc warrior

Vault maps used:
D:1:      ldierk_walled_garden_2, glass_columns_a
D:2:      minitemple, uniq_iyjb
D:3:      cheibriados_altar_1, dk_vineyard_2

Action                   |  1- 3 |  4- 6 || total
-------------------------+-------+-------++-------
Melee: Quarterstaff      |   108 |    23 ||   131
Throw: Tomahawk          |     5 |       ||     5
  Use: Scroll            |       |     1 ||     1
 Stab: Distracted        |     1 |       ||     1
       Sleeping          |     3 |     1 ||     4
  Eat: Chunk             |     1 |       ||     1
